 Dungeon Crawl Stone Soup version 0.31-a0-1165-g196b491b36 (webtiles) character file.

Game seed: 5853926262717805050

50 bmb222 the Sneak (level 3, 0/27 HPs)
             Began as a Demonspawn Brigand on Dec 9, 2023.
             Slain by a goblin
             ... wielding a +0 dagger
             ... led by Robin
              (3 damage)
             ... on level 2 of the Dungeon.
             The game lasted 00:01:11 (1127 turns).

bmb222 the Sneak (Demonspawn Brigand)               Turns: 1127, Time: 00:01:13

Health: 0/27       AC:  3    Str: 11    XL:     3   Next: 55%
Magic:  3/3        EV: 12    Int: 11    God:
Gold:   75         SH:  0    Dex: 16    Spells: 2/2 levels left

rFire   . . .        a - +2 dagger
rCold   . . .        (no shield)
rNeg    . . .        b - +0 robe
rPois   .            (no helmet)
rElec   .            c - +0 cloak
rCorr   .            (no gloves)
SInv    .            (no boots)
Will    .....        (no amulet)
Stlth   +++          (no ring)
HPRegen 0.24/turn    (no ring)
MPRegen 0.16/turn

%: no passive effects
@: no status effects
A: magic regeneration, weakness stinger 1
a: no special abilities


You were on level 2 of the Dungeon.
You visited 1 branch of the dungeon, and saw 2 of its levels.

You collected 75 gold pieces.

Inventory:

Hand Weapons
 a - a +2 dagger (weapon)
Missiles
 d - 9 poisoned darts (quivered)
 e - 3 curare-tipped darts
Armour
 b - a +0 robe (worn)
 c - a +0 cloak (worn)
Scrolls
 i - a scroll of fog {unknown}
 j - a scroll of poison {unknown}
 k - 3 scrolls of fear {unknown}
 m - a scroll of identify {unknown}
 n - a scroll of revelation {unknown}
Potions
 f - a potion of ambrosia {unknown}
 g - 2 potions of curing {unknown}
 h - a potion of haste {unknown}
 l - a potion of degeneration {unknown}


   Skills:
 + Level 2.1 Fighting
 + Level 2.1 Short Blades
 + Level 1.9 Throwing
 + Level 1.1 Dodging
 + Level 4.6 Stealth


You had 2 spell levels left.
You didn't know any spells.
Your spell library was empty.

Dungeon Overview and Level Annotations

Branches:
Dungeon (2/15)

Altars:

Annotations:
D:2 Robin


Innate Abilities, Weirdness & Mutations

You regenerate magic rapidly.
You have a small tail.


Message History

Robin throws the goblin at you!
A goblin comes into view. It is wielding a +0 dagger.
The goblin completely misses you. The goblin barely misses you.
You barely miss the goblin.
Robin says, "Feeling lonely?"
Robin barely misses you. The hobgoblin hits you.
The goblin hits you with a +0 club. The goblin completely misses you.
The goblin hits you with a +0 dagger.
You are too injured to fight recklessly!
You are too injured to fight recklessly!
You are too injured to fight recklessly!
You are too injured to fight recklessly!
You are too injured to fight recklessly!
You are too injured to fight recklessly!
You are too injured to fight recklessly!
You are too injured to fight recklessly!
You are too injured to fight recklessly!
You are too injured to fight recklessly!
You are too injured to fight recklessly!
You are too injured to fight recklessly!
You are too injured to fight recklessly!
You are too injured to fight recklessly!
You are too injured to fight recklessly!
You are too injured to fight recklessly!
You are too injured to fight recklessly!
You are too injured to fight recklessly!
You are too injured to fight recklessly!
Unknown command.
You closely miss the goblin.
The goblin shouts!
You hear a shout!
The endoplasm closely misses you. The hobgoblin barely misses you.
The goblin hits you with a +0 club. The goblin barely misses you.
The goblin closely misses you.
You closely miss the goblin. The hobgoblin hits you.
* * * LOW HITPOINT WARNING * * *
The endoplasm hits you but does no damage.
The goblin hits you with a +0 club.
* * * LOW HITPOINT WARNING * * *
The goblin hits you with a +0 dagger.
You die...

#.#.#########
.#...........####
..#..)....#....[ ##+ #..
#†###+#..... #~~
#.###........... +~~
+...#........... # #~~
#.#.#...........
#...##g##.#.#........?..
#....g@g$..............
#.##.Jg#.#.##..........
#g###...#....<#.....


.gg #..<#.###.#..... ### #...#.# #.#.#>.. #...#.# #.#.#.## #...#.# #)#.# #
#...#.# #.#.# #...#.###.# You could see Robin, an endoplasm, a hobgoblin
(strong) and 5 goblins.

Vanquished Creatures
  2 adders (D:2)
  2 endoplasms (D:1)
  3 goblins
  2 hobgoblins (D:1)
  2 quokkas
  7 ball pythons
  2 bats
  3 frilled lizards (D:1)
  7 kobolds
  4 rats (D:1)
34 creatures vanquished.

Notes
Turn   | Place    | Note
-------+----------+-------------------------------------------
     0 | D:1      | bmb222 the Demonspawn Brigand began the quest for the Orb.
     0 | D:1      | Reached XP level 1. HP: 16/16 MP: 1/1
   386 | D:1      | Gained mutation: You have a small tail. [demonic ancestry]
   386 | D:1      | Reached XP level 2. HP: 22/22 MP: 2/2
   568 | D:1      | Reached skill level 4 in Stealth
   740 | D:1      | Found a faded altar of an unknown god.
   890 | D:2      | Reached skill level 1 in Dodging
   942 | D:2      | Gained mutation: You regenerate magic rapidly. [demonic
                  | ancestry]
   942 | D:2      | Reached XP level 3. HP: 14/27 MP: 3/3
  1121 | D:2      | Noticed Robin
  1127 | D:2      | Slain by a goblin

Illustrated notes

Levels and vault maps discovered:
D:1:      dpeg_arrival_rhombus, layout_basic, basic_ecumenical_altar,
          kennysheep_flooded_box, minivault_19
D:2:      layout_basic, kennysheep_small_spiral, minmay_liquid_box,
          glass_columns_c, uniq_robin

Skill      XL: |  1  2 |
---------------+-------+-----
Short Blades   | 2 |  2.1
Stealth        | 4 |  4.6
Dodging        | 1 |  1.1
Fighting       | |  2.1
Throwing       | |  1.9

Action                     || total
---------------------------++-------
  Melee: Dagger            ||   122
         Tailslap          ||    10
   Stab: Sleeping          ||     6
 Armour: Robe              ||    75
  Dodge: Dodged            ||    57

Table legend: (Time is in decaauts)
 A = Elapsed time spent in this place.
 B = Non-inter-level travel time spent in this place.
 C = Inter-level travel time spent in this place.
 D = Time resting spent in this place.
 E = Time spent auto-exploring this place.
 F = Levels seen in this place.
 G = Mean time per level.
                   A        B        C        D        E       F      G
               +--------+--------+--------+--------+--------+-----+--------+
         Total |   1114 |   1087 |     27 |    279 |    546 |   2 |  557.0 |
       Dungeon |   1114 |   1087 |     27 |    279 |    546 |   2 |  557.0 |
               +--------+--------+--------+--------+--------+-----+--------+

Top non-repeatable levels by time:
     D:1: 812 daAuts
     D:2: 302 daAuts
